 Dungeon Crawl Stone Soup version 0.22-a0-240-g539252a (webtiles) character file.

12027 sankara the Spear-Bearer (level 11, -3/102 HPs)
             Began as a Minotaur Fighter on Feb 21, 2018.
             Was a High Priest of Yredelemnul.
             Slain by a minotaur (14 damage)
             ... in a labyrinth.
             The game lasted 00:52:45 (12398 turns).

sankara the Spear-Bearer (Minotaur Fighter)        Turns: 12398, Time: 00:52:46

Health: -3/102     AC: 23    Str: 23    XL:     11   Next: 57%
Magic:  10/10      EV:  9    Int: 10    God:    Yredelemnul [*****.]
Gold:   668        SH: 11    Dex: 10    Spells: 10/10 levels left

rFire    . . .     SeeInvis .   p - +3 spear (flame)
rCold    + . .     Gourm    .   c - +0 shield
rNeg     . . .     Faith    .   x - +3 chain mail
rPois    .         Spirit   .   (helmet restricted)
rElec    +         Reflect  .   (no cloak)
rCorr    .         Harm     .   w - +2 pair of gloves of the Realm of Zot {+Fly rElec}
MR       .....                  G - +0 pair of boots of Sloth {Int+4} (curse)
Stlth    ..........             (no amulet)
HPRegen  0.27/turn              F - +4 ring of protection
MPRegen  0.12/turn              H - ring of protection from cold {rC+, !d}

@: hasted, very quick
A: retaliatory headbutt, horns 2, evolution 1, subdued magic 1
a: Recall Undead Slaves, Injury Mirror, Animate Dead, Drain Life, Enslave Soul,
Renounce Religion, Evoke Flight


You were in a labyrinth.
You worshipped Yredelemnul.
Yredelemnul was extremely pleased with you.
You were not hungry.

You visited 2 branches of the dungeon, and saw 12 of its levels.
You also visited: Labyrinth.

You collected 668 gold pieces.

Inventory:

Hand Weapons
 a - a +0 trident
 o - a +0 hunting sling
   (You took it off a goblin on level 3 of the Dungeon)
 p - a +3 spear of flaming (weapon)
   (You took it off a gnoll on level 5 of the Dungeon)
 t - a +0 spear of flaming
   (You found it on level 2 of the Dungeon)
Missiles
 d - 6 throwing nets {=f, !d}
 i - 69 sling bullets
 k - 322 stones (quivered)
 q - 20 tomahawks
Armour
 c - a +0 shield (worn)
 w - the +2 pair of gloves of the Realm of Zot (worn) {+Fly rElec}
   (You found it on level 6 of the Dungeon)

   It insulates you from electricity.
   It lets you fly.
 x - a +3 chain mail (worn)
   (You found it in a labyrinth)
 G - the cursed +0 pair of boots of Sloth (worn) {Int+4}
   (You found it on level 10 of the Dungeon)

   It affects your intelligence (+4).
   It has a curse placed upon it.
Jewellery
 F - a +4 ring of protection (left hand)
   (You found it on level 8 of the Dungeon)
 H - a ring of protection from cold (right hand) {rC+, !d}
   (You found it on level 9 of the Dungeon)
Wands
 m - a wand of scattershot (14)
   (You took it off a centaur on level 4 of the Dungeon)
 A - a wand of paralysis (8)
   (You took it off an orc warrior on level 7 of the Dungeon)
 D - a wand of flame (49)
   (You found it on level 7 of the Dungeon)
 E - a wand of iceblast (6)
   (You found it in a labyrinth)
Scrolls
 b - 2 scrolls of amnesia
 j - 6 scrolls of teleportation
 l - 6 scrolls of identify
 n - 2 scrolls of fog
 r - 3 scrolls of magic mapping {!r}
 y - 2 scrolls of remove curse
Potions
 e - 4 potions of curing
 g - 3 potions of mutation {!q}
 h - a potion of lignification {!q}
 s - a potion of haste
 z - a potion of cancellation
 B - 3 potions of brilliance
 I - a potion of ambrosia
Comestibles
 f - 15 rations


   Skills:
 + Level 11.0 Fighting
 - Level 14.0 Polearms
 + Level 9.3 Armour
 - Level 5.0 Dodging
 + Level 9.3 Shields


You had 10 spell levels left.
You didn't know any spells.

Dungeon Overview and Level Annotations

Branches:
Dungeon (11/15)            Temple (1/1) D:5            Lair (0/6) D:9
    Orc (0/2) D:10

Altars:
Cheibriados
Hepliaklqana
Nemelex Xobeh
Okawaru
Qazlal
Uskayaw
Yredelemnul
The Shining One
Beogh

Shops:
D:7 %   D:8 (


Innate Abilities, Weirdness & Mutations

You reflexively headbutt those who attack you in melee.
You have a pair of horns on your head.
You evolve.
Your spells are a little easier to cast, but a little less powerful.


Message History

The minotaur is moderately wounded.
You hit the minotaur but do no damage.
The minotaur is moderately wounded.
You hit the minotaur but do no damage.
The minotaur is moderately wounded.
The minotaur hits you!!
The minotaur gores you but does no damage.
You hit the minotaur but do no damage. Your headbutt misses the minotaur.
The minotaur is moderately wounded.
You puncture the minotaur! You burn the minotaur.
The minotaur is heavily wounded.
You hit the minotaur. You burn the minotaur. You headbutt the minotaur.
The minotaur is heavily wounded.
You block the minotaur's attack. x2
You completely miss the minotaur.
You headbutt the minotaur, but do no damage.
The minotaur is heavily wounded.
You barely miss the minotaur.
The minotaur furiously retaliates!
The minotaur headbutts you!
* * * LOW HITPOINT WARNING * * *
The minotaur is heavily wounded.
The minotaur completely misses you. You block the minotaur's attack.
You feel better.
You hit the minotaur but do no damage.
The minotaur is heavily wounded.
The minotaur hits you but does no damage.
The minotaur gores you.
You barely miss the minotaur.
The minotaur is heavily wounded.
You hit the minotaur but do no damage.
You headbutt the minotaur, but do no damage.
The minotaur is heavily wounded.
The minotaur closely misses you. You furiously retaliate!
You headbutt the minotaur. You block the minotaur's attack.
You hit the minotaur but do no damage.
The minotaur is heavily wounded.
You hit the minotaur. You burn the minotaur.
The minotaur is heavily wounded.
You hit the minotaur but do no damage. Your headbutt misses the minotaur.
The minotaur is heavily wounded.
You block the minotaur's attack.
The minotaur gores you but does no damage.
You hit the minotaur but do no damage. You headbutt the minotaur.
The minotaur is heavily wounded.
You barely miss the minotaur.
The minotaur furiously retaliates!
The minotaur headbutts you.
You headbutt the minotaur, but do no damage.
The minotaur is heavily wounded.
You hit the minotaur but do no damage.
You headbutt the minotaur, but do no damage.
The minotaur is heavily wounded.
You block the minotaur's attack. x2
You hit the minotaur. You burn the minotaur.
The minotaur is severely wounded.
Your shield prevents you from hitting the minotaur.
The minotaur is severely wounded.
You hit the minotaur but do no damage. You headbutt the minotaur.
The minotaur is severely wounded.
The minotaur hits you but does no damage.
You block the minotaur's attack.
You hit the minotaur but do no damage. You headbutt the minotaur.
The minotaur is severely wounded.
You hit the minotaur. You burn the minotaur.
The minotaur is severely wounded.
The minotaur hits you.
The minotaur gores you but does no damage.
You hit the minotaur but do no damage.
You headbutt the minotaur, but do no damage.
The minotaur is severely wounded.
You hit the minotaur but do no damage.
The minotaur is severely wounded.
You hit the minotaur but do no damage.
The minotaur is severely wounded.
You block the minotaur's attack. The minotaur gores you!
* * * LOW HITPOINT WARNING * * *
You hit the minotaur but do no damage.
The minotaur is severely wounded.
Your chain mail prevents you from hitting the minotaur.
Your headbutt misses the minotaur.
The minotaur is severely wounded.
Your chain mail prevents you from hitting the minotaur.
The minotaur is severely wounded.
The minotaur hits you!
* * * LOW HITPOINT WARNING * * *
You block the minotaur's attack.
You feel better.
You feel better. The minotaur hits you!!
* * * LOW HITPOINT WARNING * * *
You block the minotaur's attack.
You feel better.
The minotaur hits you but does no damage.
The minotaur gores you but does no damage.
You hit the minotaur. You burn the minotaur. Your headbutt misses the minotaur.
The minotaur is almost dead.
Your chain mail prevents you from hitting the minotaur.
The minotaur is almost dead.
The minotaur hits you but does no damage.
The minotaur gores you!
You die...
Your body rises from the dead as a mindless zombie.

. #.# ###
#.. ...
#.. # #.#
# # .. ...
. .#
..###.##..
# # #
....!.. .
. # #. #'#
##. ## .#.
.# #@# #.
. . . #H#
# . ## .
<.. ..# #
# ...⌠+ .
#. .
+⌠...# #
.. . #..
#..⌠.# .
#. . .
###+## ...
. # . # ..
.. # # ##


You could see a minotaur.

Vanquished Creatures
  Harold (D:9)
  An unseen horror (D:7)
  2 guardian serpents (D:10)
  A troll (D:7)
  A slime creature (D:7)
  A hippogriff (D:10)
  2 shadows (Lab)
  A human (D:7)
  A wyvern (D:8)
  6 hungry ghosts
  A hog (D:7)
  10 yaks
  A steam dragon (D:9)
  6 orc warriors
  3 porcupines (D:9)
  3 ice beasts
  4 sky beasts
  3 phantoms
  5 ogres
  6 centaurs
  A crocodile (D:9)
  2 big kobolds
  5 bullfrogs
  4 scorpions
  A spriggan skeleton (Lab)
  3 centaur zombies
  7 crimson imps
  A jelly (D:5)
  3 hounds
  4 orc priests
  2 bullfrog skeletons
  6 orc wizards
  An iguana (D:4)
  Ijyb (D:3)
  Terence (D:3)
  6 worker ants
  A hound skeleton (D:7)
  A howler monkey skeleton (D:9)
  2 worker ant zombies
  10 adders
  19 gnolls
  A shadow imp (D:10)
  An ooze (D:2)
  An adder zombie (D:7)
  An adder skeleton (D:8)
  2 dart slugs (D:3)
  6 leopard geckos
  63 orcs
  6 giant cockroaches
  11 goblins
  2 hobgoblins
  3 jackals
  14 kobolds
  5 quokkas
  A ball python (D:1)
  11 bats
  7 frilled lizards
  A quokka skeleton (D:4)
  2 quokka zombies
  10 rats
288 creatures vanquished.

Vanquished Creatures (collateral kills)
  A manticore (D:7)
  A yak (D:9)
  3 hogs (D:7)
  Menkaure (D:6)
  A soldier ant (D:6)
  A porcupine (D:9)
  A sky beast (D:7)
  2 phantoms
  An orc warrior (D:7)
  An ice beast (D:6)
  An ogre (D:6)
  A water moccasin zombie (D:8)
  A scorpion (D:9)
  2 crimson imps
  An orc priest (D:10)
  An iguana (D:6)
  A hound zombie (D:7)
  6 orcs
  4 fungi (D:9)
  A plant (D:9)
32 creatures vanquished.

Vanquished Creatures (others)
  A yak zombie (D:10)
  A bullfrog zombie (D:9)
  2 centaur zombies
  A sky beast zombie (D:9)
  A worker ant zombie (D:7)
  A scorpion zombie (D:10)
  3 gnoll zombies (D:7)
  A leopard gecko zombie (D:6)
  16 orc zombies
  A quokka zombie (D:10)
  4 fungi (D:9)
  A plant (D:9)
33 creatures vanquished.

Grand Total: 353 creatures vanquished

Notes
Turn   | Place    | Note
-------+----------+-------------------------------------------
     0 | D:1      | sankara the Minotaur Fighter began the quest for the Orb.
     0 | D:1      | Reached XP level 1. HP: 19/19 MP: 0/0
   292 | D:1      | Reached skill level 3 in Polearms
   330 | D:1      | Reached XP level 2. HP: 27/27 MP: 1/1
   507 | D:1      | Reached skill level 4 in Fighting
  1022 | D:2      | Found a stormy altar of Qazlal.
  1045 | D:2      | Reached XP level 3. HP: 31/33 MP: 2/2
  1065 | D:2      | You fall through a shaft for 2 floors!
  1104 | D:4      | Noticed a scorpion
  1113 | D:4      | Killed a scorpion
  1113 | D:4      | Reached skill level 4 in Polearms
  1113 | D:4      | Reached XP level 4. HP: 24/41 MP: 3/3
  1513 | D:4      | Noticed a phantom
  1542 | D:4      | Killed a phantom
  1542 | D:4      | Reached skill level 5 in Fighting
  1542 | D:4      | Reached skill level 5 in Polearms
  1542 | D:4      | Reached XP level 5. HP: 30/48 MP: 4/4
  1958 | D:4      | Noticed a sky beast
  1975 | D:4      | HP: 10/48 [something (6)]
  1976 | D:4      | Killed a sky beast
  1976 | D:4      | Reached skill level 6 in Polearms
  1976 | D:4      | Reached XP level 6. HP: 12/56 MP: 5/5
  2388 | D:4      | Reached skill level 7 in Polearms
  2422 | D:4      | Reached skill level 6 in Fighting
  2723 | D:5      | Entered Level 5 of the Dungeon
  2901 | D:4      | Reached XP level 7. HP: 57/63 MP: 6/6
  2996 | D:5      | Reached skill level 8 in Polearms
  3498 | D:4      | Reached skill level 7 in Fighting
  3498 | D:4      | Reached skill level 9 in Polearms
  3887 | D:4      | Reached XP level 8. HP: 34/73 MP: 7/7
  3889 | D:4      | Reached skill level 4 in Armour
  3889 | D:4      | Reached skill level 1 in Dodging
  3889 | D:4      | Reached skill level 4 in Shields
  3896 | D:4      | HP: 6/73 [ice beast (14)]
  4377 | D:5      | Found a staircase to the Ecumenical Temple.
  4383 | Temple   | Entered the Ecumenical Temple
  4424 | Temple   | Became a worshipper of Yredelemnul the Dark
  4985 | D:2      | Found a faded altar of an unknown god.
  5341 | D:3      | Reached * piety under Yredelemnul
  5440 | D:3      | Noticed Ijyb
  5451 | D:3      | Killed Ijyb
  5617 | D:3      | Noticed Terence
  5640 | D:3      | Killed Terence
  5720 | D:5      | Reached skill level 2 in Dodging
  6063 | D:6      | Reached skill level 10 in Polearms
  6233 | D:6      | Reached skill level 5 in Armour
  6233 | D:6      | Reached skill level 5 in Shields
  6281 | D:6      | Reached skill level 8 in Fighting
  6299 | D:6      | Reached skill level 3 in Dodging
  6320 | D:6      | Got a pair of translucent gloves
  6321 | D:6      | Identified the +2 pair of gloves of the Realm of Zot {+Fly rElec} (You found it on level 6 of the Dungeon)
  6390 | D:6      | Reached XP level 9. HP: 81/81 MP: 8/8
  6597 | D:6      | Reached ** piety under Yredelemnul
  6849 | D:7      | Noticed a manticore
  6861 | D:7      | Killed a manticore
  6861 | D:7      | Reached skill level 11 in Polearms
  6861 | D:7      | HP: 18/82 [iguana (10)]
  6867 | D:7      | HP: 17/82 [hound (2)]
  7177 | D:7      | Noticed Menkaure
  7297 | D:6      | Killed Menkaure
  7297 | D:6      | Reached skill level 6 in Armour
  7297 | D:6      | Reached skill level 4 in Dodging
  7306 | D:7      | Noticed a troll
  7322 | D:7      | Killed a troll
  7322 | D:7      | Reached skill level 6 in Shields
  7580 | D:7      | Killed an unseen horror
  7580 | D:7      | Reached skill level 9 in Fighting
  7580 | D:7      | Reached XP level 10. HP: 84/91 MP: 9/9
  7589 | D:7      | Found Revyubb's Food Boutique.
  8108 | D:7      | Reached skill level 5 in Dodging
  8112 | D:7      | Reached skill level 12 in Polearms
  8116 | D:7      | Reached skill level 7 in Armour
  8196 | D:7      | Reached skill level 7 in Shields
  8366 | D:8      | Found a stormy altar of Qazlal.
  8411 | D:8      | Reached *** piety under Yredelemnul
  8604 | D:8      | Found Butt's Antique Weapon Shop.
  9005 | D:8      | Found a hide-covered altar of Uskayaw.
  9007 | D:8      | Found a sparkling altar of Nemelex Xobeh.
  9007 | D:8      | Found an iron altar of Okawaru.
  9484 | D:9      | Found a staircase to the Lair.
  9503 | D:9      | Reached skill level 13 in Polearms
  9503 | D:9      | Reached skill level 8 in Armour
  9506 | D:9      | Reached skill level 10 in Fighting
  9513 | D:9      | Reached skill level 8 in Shields
  9552 | D:9      | Found a roughly hewn altar of Beogh.
  9553 | D:9      | Reached **** piety under Yredelemnul
  9701 | D:9      | Reached XP level 11. HP: 58/99 MP: 7/10
 10202 | D:10     | Entered Level 10 of the Dungeon
 10430 | D:10     | Noticed Harold
 10690 | D:9      | Killed Harold
 10900 | D:10     | HP: 21/101 [orc priest/divine providence (17)]
 10917 | D:10     | HP: 8/101 [orc warrior/glaive (9)]
 11350 | D:10     | Got a pair of ichor-stained boots
 11351 | D:10     | Identified the cursed +0 pair of boots of Sloth {Int+4} (You found it on level 10 of the Dungeon)
 11376 | D:10     | Reached ***** piety under Yredelemnul
 11376 | D:10     | Received a gift from Yredelemnul (a wight)
 11817 | D:10     | Found a staircase to the Orcish Mines.
 11863 | D:10     | Reached skill level 9 in Armour
 12155 | D:11     | Reached skill level 14 in Polearms
 12155 | D:11     | Reached skill level 9 in Shields
 12166 | D:11     | Found a labyrinth entrance.
 12175 | Lab      | Entered a labyrinth
 12274 | Lab      | Reached skill level 11 in Fighting
 12340 | Lab      | Gained mutation: Your spells are a little easier to cast, but a little less powerful. [potion of mutation]
 12340 | Lab      | Gained mutation: You evolve. [potion of mutation]
 12344 | Lab      | Noticed a minotaur
 12390 | Lab      | HP: 23/102 [minotaur (12)]
 12393 | Lab      | HP: 7/102 [minotaur (16)]
 12398 | Lab      | Slain by a minotaur

Vault maps used:
D:1:      dpeg_arrival_pits
D:2:      grunt_qazlal_sundering, chequers_ecumenical_altar_lobes
D:3:      uniq_ijyb, uniq_terence
D:4:      first_ration, serial_bayou_crossing
D:5:      minmay_temple_entry_hall, kennysheep_small_square
D:7:      minmay_the_grid_plus, serial_shops, shop_fountains, grunt_livestock,
          kennysheep_small_circle, uniq_menkaure
D:8:      grunt_temple_overflow_open, basic_altar, serial_shops, shop,
          amethyst_killhole
D:9:      due_lair_maze_entry_diamond, serial_corexii_hall,
          corexii_hall_statues_i, corexii_hall_statues_s
D:10:     nrook_guardian_serpent_snake_passage, orc_0_dummy, special_room,
          minmay_tree_intersection, serial_park_tiny_1, uniq_harold
D:11:     lab_entry_generic, nrook_guardian_serpent_double
Temple:   dpeg_five_rooms_temple
Lab:      labyrinth_hidden_loot, nicolae_lab_starburst, nicolae_lab_grate,
          nicolae_lab_diamond, lab_block, nicolae_lab_swirl,
          nicolae_lab_checkerboard, nicolae_lab_stuck, nicolae_lab_big_swirl,
          nicolae_lab_very_dead_end

Skill      XL: |  1  2  3  4  5  6  7  8  9 10 11 |
---------------+----------------------------------+-----
Polearms       | 3 4 5 6 7 9 10 11 13 14 | 14.0
Fighting       | 4 5 6 7 8 9 10 11 | 11.0
Armour         | 5 6 8 9 |  9.3
Dodging        | 3 4 5 |  5.0
Shields        | 5 6 8 9 |  9.3

Action                   |  1- 3 |  4- 6 |  7- 9 | 10-12 || total
-------------------------+-------+-------+-------+-------++-------
Melee: Trident           |    79 |   126 |    68 |       ||   273
       Headbutt          |     5 |    18 |    55 |   108 ||   186
       Spear             |       |       |   224 |   677 ||   901
 Fire: Hunting sling     |       |       |   138 |       ||   138
Invok: Animate Remains   |       |       |    16 |    10 ||    26
       Recall Undead Sla |       |       |     2 |     2 ||     4
       Animate Dead      |       |       |       |    39 ||    39
  Use: Scroll            |       |     4 |     4 |    11 ||    19
       Potion            |       |     2 |     1 |     6 ||     9
 Stab: Distracted        |       |       |       |     3 ||     3
  Eat: Chunk             |     1 |     6 |    17 |    19 ||    43
       Ration            |       |       |     1 |     8 ||     9
Armor: Scale mail        |    45 |    49 |    93 |       ||   187
       Chain mail        |       |       |    59 |   149 ||   208
Dodge: Dodged            |    16 |    23 |    99 |    97 ||   235
Block: Shield            |    29 |    54 |   178 |   144 ||   405

Table legend:
 A = Spawn XP
 B = Non-spawn XP
 C = Spawn XP percentage of total XP
 D = Spawn monster count
 E = Non-spawn monster count
 F = Spawn count percentage of total count
 G = Total turns spent on level
                    A         B        C        D         E        F      G
               +---------+---------+-------+---------+---------+-------+---------
         Total |       0 |   17182 |   0.0 |       0 |     315 |   0.0 | 12398
               +---------+---------+-------+---------+---------+-------+---------
           D:1 |       0 |      33 |   0.0 |       0 |      22 |   0.0 |  1022
           D:2 |       0 |      47 |   0.0 |       0 |      21 |   0.0 |   489
           D:3 |       0 |     118 |   0.0 |       0 |      22 |   0.0 |   544
           D:4 |       0 |    1318 |   0.0 |       0 |      41 |   0.0 |  3107
           D:5 |       0 |     505 |   0.0 |       0 |      15 |   0.0 |   756
           D:6 |       0 |    1483 |   0.0 |       0 |      23 |   0.0 |  1142
           D:7 |       0 |    3614 |   0.0 |       0 |      35 |   0.0 |  1096
           D:8 |       0 |     862 |   0.0 |       0 |      32 |   0.0 |   998
           D:9 |       0 |    4250 |   0.0 |       0 |      55 |   0.0 |  1507
          D:10 |       0 |    3279 |   0.0 |       0 |      40 |   0.0 |  1412
          D:11 |       0 |     448 |   0.0 |       0 |       2 |   0.0 |    29
           Lab |       0 |    1225 |   0.0 |       0 |       7 |   0.0 |   223
               +---------+---------+-------+---------+---------+-------+---------

Vault maps used:
D:1:      dpeg_arrival_pits
D:2:      grunt_qazlal_sundering, chequers_ecumenical_altar_lobes
D:3:      uniq_ijyb, uniq_terence
D:4:      first_ration, serial_bayou_crossing
D:5:      minmay_temple_entry_hall, kennysheep_small_square
D:7:      minmay_the_grid_plus, serial_shops, shop_fountains, grunt_livestock,
          kennysheep_small_circle, uniq_menkaure
D:8:      grunt_temple_overflow_open, basic_altar, serial_shops, shop,
          amethyst_killhole
D:9:      due_lair_maze_entry_diamond, serial_corexii_hall,
          corexii_hall_statues_i, corexii_hall_statues_s
D:10:     nrook_guardian_serpent_snake_passage, orc_0_dummy, special_room,
          minmay_tree_intersection, serial_park_tiny_1, uniq_harold
D:11:     lab_entry_generic, nrook_guardian_serpent_double
Temple:   dpeg_five_rooms_temple
Lab:      labyrinth_hidden_loot, nicolae_lab_starburst, nicolae_lab_grate,
          nicolae_lab_diamond, lab_block, nicolae_lab_swirl,
          nicolae_lab_checkerboard, nicolae_lab_stuck, nicolae_lab_big_swirl,
          nicolae_lab_very_dead_end

Table legend:
 A = Turns spent in this place as a percentage of turns spent in the entire game.
 B = Non-inter-level travel turns spent in this place as a percentage of non-inter-level travel turns spent in the entire game.
 C = Inter-level travel turns spent in this place as a percentage of turns spent in this place.
 D = Turns resting spent in this place as a percentage of non-inter-level travel turns spent in this place.
 E = Turns spent auto-exploring this place as a percentage of non-inter-level travel turns spent in this place.
 F = Non-inter-level travel turns spent in this place divided by the number of levels of this place that you've seen.
                   A       B       C       D       E      F
               +-------+-------+-------+-------+-------+----------------------
         Total | 100.0 | 100.0 |   2.9 |  32.8 |  42.6 | 925.8
       Dungeon |  97.6 |  97.8 |   2.8 |  33.5 |  43.2 | 1069.9
        Temple |   0.6 |   0.4 |  41.1 |   0.0 |  86.0 |  43.0
     Labyrinth |   1.8 |   1.9 |   0.0 |   2.2 |   0.0 | 223.0
               +-------+-------+-------+-------+-------+----------------------

Table legend:
 A = Kills in this place as a percentage of kills in entire the game.
 B = Kills by you in this place as a percentage of kills by you in the entire game.
 C = Kills by friends in this place as a percentage of kills by friends in the entire game.
 D = Other kills in this place as a percentage of other kills in the entire game.
 E = Experience gained in this place as a percentage of experience gained in the entire game.
 F = Experience gained in this place divided by the number of levels of this place that you have seen.
                   A       B       C       D       E      F
               +-------+-------+-------+-------+-------+----------------------
         Total | 100.0 | 100.0 | 100.0 |   N/A | 100.0 | 1321.7
       Dungeon |  97.8 |  97.6 | 100.0 |   N/A |  92.9 | 1450.6
     Labyrinth |   2.2 |   2.4 |   0.0 |   N/A |   7.1 | 1225.0
               +-------+-------+-------+-------+-------+----------------------
